Map: 코스믹 사파이어

Players

Reaper - Winner!

  • Race: Zerg Zerg
  • Spawn Location: 11:00

LunaSea

  • Race: Protoss Protoss
  • Spawn Location: 5:00

Event: DreamHack SC2 Masters 2022 Atlanta (Offline)

VOD

Have the link to the VOD?

Description

Time

  • Played on: Nov. 18, 2022, 1:32 p.m.
  • Length: 3:36

All games in this series

Show
View Real Time Build Order
Export as new Build Order

Reaper Zerg - Winner!

Build Orders: Hatch First 

Get SALT Encoding   

  12  0:00  Drone  
  13  0:09  Drone  
  14  0:36  Hatchery  
  13  0:42  Extractor  
  12  0:52  Spawning Pool  
  11  0:57  Drone  
  11  1:01  Drone  
  13  1:07  Drone  
  14  1:40  Roach Warren  
  14  1:43  Metabolic Boost  
  13  1:48  Zergling x2  
  13  1:53  Zergling x6  
  17  2:06  Overlord  
  17  2:23  Roach  
  17  2:25  Roach  
  17  2:27  Roach  
  23  2:37  Zergling x2  
  23  2:38  Zergling x2  
  25  2:50  Zergling x2  
  25  2:51  Zergling x2  
  27  2:58  Ravager  
  24  3:10  Zergling x2  
  25  3:13  Zergling x2  
  25  3:15  Zergling x2  
  25  3:16  Overlord  
Show
View Real Time Build Order
Export as new Build Order

LunaSea Protoss 

Build Orders:  

Get SALT Encoding   

  12  0:00  Probe  
  13  0:12  Probe  
  14  0:17  Pylon  
  14  0:24  Probe  
  15  0:36  Probe (Chrono Boost)  
  15  0:40  Gateway  
  16  0:46  Probe (Chrono Boost)  
  16  0:49  Assimilator  
  17  0:51  Probe (Chrono Boost)  
  18  1:03  Probe  
  19  1:15  Probe  
  19  1:16  Pylon  
  20  1:26  Assimilator  
  20  1:27  Zealot, Probe  
  20  1:32  Cybernetics Core  
  23  1:39  Probe  
  24  1:53  Probe  
  25  2:06  Adept (Chrono Boost)  
  25  2:09  Shield Battery  
  25  2:12  Robotics Facility  
  27  2:24  Probe  
  27  2:27  Pylon  
  27  2:29  Stalker (Chrono Boost)  
  30  2:36  Shield Battery  
  30  2:39  Shield Battery  
  30  2:54  Shield Battery  
  30  2:55  Stalker (Chrono Boost)  
  26  3:21  Shield Battery  
  24  3:30  Pylon  
Tags
 
Add a new tag
Caveats
  • Supply blocks, unpowered buildings, or Contaminate may cause inaccurate times.
  • Supply counts are checked every 10 seconds.